[ PARTIDA AOE2 · #485266111 ]
UnrankedItalianos vs Britons
[ ANÁLISIS DE REPETICIÓN · EXTRAÍDO DE LA PARTIDA GRABADA ]
Feudal
17:29
Castillos
—
Imperial
—
| APM promedio | 22.4 |
| APM pico | 52 |
| eAPM promedio | 5.1 |
| Aldeanos / militares | 32 / 0 |
Foco
⚔️ 7.9% · 🌾 92.1%
Fishing Ship ×15
Feudal
17:20
Castillos
23:20
Imperial
—
| APM promedio | 21.6 |
| APM pico | 42 |
| eAPM promedio | 12.4 |
| Aldeanos / militares | 127 / 2 |
Foco
⚔️ 27.8% · 🌾 72.2%
Fishing Ship ×9 · Battering Ram ×2
Feudal
13:51
Castillos
19:05
Imperial
—
| APM promedio | 20.5 |
| APM pico | 51 |
| eAPM promedio | 14.1 |
| Aldeanos / militares | 67 / 1 |
Foco
⚔️ 25.0% · 🌾 75.0%
Fishing Ship ×15 · Unknown (2626) ×13 · Mangonel ×1
Feudal
16:05
Castillos
22:36
Imperial
—
| APM promedio | 20.2 |
| APM pico | 46 |
| eAPM promedio | 7.9 |
| Aldeanos / militares | 40 / 3 |
Foco
⚔️ 14.2% · 🌾 85.8%
Fishing Ship ×13 · Skirmisher ×3
Feudal
15:11
Castillos
19:06
Imperial
—
| APM promedio | 35.4 |
| APM pico | 55 |
| eAPM promedio | 19.7 |
| Aldeanos / militares | 43 / 23 |
Foco
⚔️ 16.0% · 🌾 84.0%
Rattan Archer ×20 · Fishing Ship ×6 · Mangonel ×3
Feudal
13:22
Castillos
17:41
Imperial
—
| APM promedio | 30.6 |
| APM pico | 72 |
| eAPM promedio | 10.2 |
| Aldeanos / militares | 63 / 6 |
Foco
⚔️ 11.9% · 🌾 88.1%
Knight ×6 · Fishing Ship ×5
Feudal
16:38
Castillos
—
Imperial
—
| APM promedio | 11.5 |
| APM pico | 47 |
| eAPM promedio | 3.8 |
| Aldeanos / militares | 24 / 0 |
Foco
⚔️ 1.2% · 🌾 98.8%
Fishing Ship ×2
Feudal
12:30
Castillos
22:27
Imperial
—
| APM promedio | 16.1 |
| APM pico | 39 |
| eAPM promedio | 7.7 |
| Aldeanos / militares | 33 / 16 |
Foco
⚔️ 34.3% · 🌾 65.7%
Spearman ×8 · Fishing Ship ×8 · Archer ×4 · Mangonel ×1 · Fire Galley ×1 · Battering Ram ×1
Mapa de la partida
Recursos iniciales + cada clic de construcción. Líneas = muros · curvas = relieve. ◆ oro · ⬟ piedra · ● bayas · ✦ reliquia · ◌ hueco del cierre
Tu base· Abierta — hueco de 14t
Base de chekopg_1110· Abierta — flanco sin cerrar
Base de Campera de Pluma de Elite· Abierta — flanco sin cerrar
Base de Lord Hogan· Abierta — hueco de 7t
Base de Patovic· Abierta — flanco sin cerrar
Base de Dedo de Gomero de Elite· Abierta — flanco sin cerrar
Base de 花茶与猫· Abierta — flanco sin cerrar
Base de Doraso Troncoso de Elite· Abierta — flanco sin cerrar
Terreno inicial suavizado · ◌ = hueco del cierre detectado · pasá el cursor para detalles
Inputs por minuto
— PilotePSP - - chekopg_1110
Build order — PilotePSP
74 acciones detectadas en el replay
| 1:34 | Construir | Town Center |
| 2:43 | Construir | House |
| 4:24 | Crear | Villager (Male) |
| 4:24 | Crear | Villager (Male) |
| 4:24 | Crear | Villager (Male) |
| 4:24 | Crear | Villager (Male) |
| 4:25 | Crear | Villager (Male) |
| 6:16 | Construir | House |
| 6:36 | Crear | Villager (Male) |
| 6:36 | Crear | Villager (Male) |
| 6:37 | Crear | Villager (Male) |
| 7:53 | Construir | Dock |
| 8:10 | Crear | Villager (Male) |
| 8:11 | Crear | Villager (Male) |
| 8:11 | Crear | Villager (Male) |
| 8:24 | Construir | House |
| 9:02 | Crear | Villager (Male) |
| 9:03 | Crear | Villager (Male) |
| 9:51 | Crear | Villager (Male) |
| 9:51 | Crear | Villager (Male) |
| 9:52 | Crear | Villager (Male) |
| 9:52 | Crear | Villager (Male) |
| 10:35 | Crear | Villager (Male) |
| 11:00 | Crear | Villager (Male) |
| 11:00 | Crear | Villager (Male) |
| 11:01 | Crear | Villager (Male) |
| 11:20 | Crear | Fishing Ship |
| 11:20 | Crear | Fishing Ship |
| 11:21 | Crear | Fishing Ship |
| 11:21 | Crear | Fishing Ship |
| 11:31 | Construir | House |
| 11:39 | Construir | House |
| 12:01 | Crear | Villager (Male) |
| 12:02 | Crear | Villager (Male) |
| 12:58 | Crear | Villager (Male) |
| 12:59 | Crear | Villager (Male) |
| 13:58 | Construir | Mill |
| 14:09 | Crear | Villager (Male) |
| 14:10 | Investigar | Loom |
| 14:29 | Construir | Dock |
| 15:11 | Construir | House |
| 15:19 | Investigar | Feudal Age |
| 15:36 | Crear | Fishing Ship |
| 15:36 | Crear | Fishing Ship |
| 15:37 | Crear | Fishing Ship |
| 15:49 | Crear | Fishing Ship |
| 15:49 | Crear | Fishing Ship |
| 15:50 | Crear | Fishing Ship |
| 15:50 | Crear | Fishing Ship |
| 16:16 | Construir | Lumber Camp |
| 16:43 | Construir | Dock |
| 16:50 | Construir | House |
| 16:51 | Construir | House |
| 16:53 | Construir | House |
| 17:29 | Edad | Edad Feudal |
| 17:39 | Investigar | Tech 906 |
| 17:56 | Crear | Villager (Male) |
| 17:56 | Crear | Villager (Male) |
| 17:56 | Crear | Villager (Male) |
| 18:28 | Construir | Barracks |
| 18:48 | Construir | Mill |
| 19:16 | Crear | Fishing Ship |
| 19:16 | Crear | Fishing Ship |
| 19:16 | Crear | Fishing Ship |
| 19:54 | Construir | Mining Camp |
| 20:55 | Construir | Stable |
| 21:32 | Crear | Fishing Ship |
| 22:16 | Construir | Blacksmith |
| 22:37 | Crear | Villager (Male) |
| 22:38 | Crear | Villager (Male) |
| 22:38 | Crear | Villager (Male) |
| 23:28 | Construir | House |
| 23:34 | Construir | Stone Wall |
| 23:42 | Investigar | Castle Age |
Build order — chekopg_1110
113 acciones detectadas en el replay
| 0:32 | Construir | Town Center |
| 1:24 | Construir | Dock |
| 1:26 | Construir | House |
| 1:27 | Construir | House |
| 2:59 | Crear | Villager (Male) ×4 |
| 4:09 | Investigar | Loom |
| 4:10 | Crear | Villager (Male) |
| 4:10 | Crear | Villager (Male) |
| 5:04 | Crear | Villager (Male) |
| 5:04 | Crear | Villager (Male) |
| 5:05 | Crear | Villager (Male) |
| 5:28 | Crear | Villager (Male) |
| 6:02 | Crear | Villager (Male) |
| 6:47 | Crear | Villager (Male) |
| 6:47 | Crear | Villager (Male) |
| 6:48 | Crear | Villager (Male) |
| 6:51 | Crear | Villager (Male) |
| 6:51 | Crear | Villager (Male) |
| 7:07 | Crear | Villager (Male) ×2 |
| 7:08 | Crear | Villager (Male) ×2 |
| 7:25 | Crear | Villager (Male) |
| 7:25 | Crear | Villager (Male) |
| 7:59 | Construir | House |
| 8:01 | Crear | Villager (Male) ×3 |
| 8:01 | Crear | Villager (Male) ×3 |
| 8:19 | Crear | Villager (Male) |
| 8:19 | Crear | Villager (Male) |
| 8:46 | Construir | House |
| 9:26 | Crear | Villager (Male) |
| 9:26 | Crear | Villager (Male) |
| 9:27 | Crear | Villager (Male) |
| 9:56 | Construir | House |
| 9:58 | Crear | Fishing Ship |
| 10:22 | Crear | Villager (Male) ×4 |
| 10:22 | Crear | Villager (Male) ×4 |
| 10:22 | Crear | Villager (Male) ×4 |
| 10:23 | Crear | Villager (Male) ×4 |
| 10:46 | Crear | Villager (Male) |
| 10:50 | Construir | House |
| 10:56 | Crear | Fishing Ship |
| 11:01 | Construir | House |
| 11:03 | Crear | Villager (Male) |
| 11:05 | Crear | Villager (Male) |
| 11:05 | Crear | Villager (Male) |
| 11:09 | Crear | Villager (Male) ×2 |
| 11:20 | Crear | Villager (Male) |
| 11:21 | Crear | Villager (Male) |
| 11:50 | Construir | Mill |
| 11:53 | Crear | Villager (Male) |
| 11:53 | Crear | Villager (Male) |
| 12:09 | Crear | Villager (Male) ×2 |
| 12:09 | Crear | Villager (Male) ×2 |
| 12:10 | Crear | Villager (Male) ×2 |
| 12:25 | Crear | Villager (Male) ×2 |
| 12:26 | Crear | Villager (Male) ×2 |
| 12:41 | Construir | Lumber Camp |
| 12:43 | Crear | Villager (Male) |
| 12:43 | Crear | Villager (Male) |
| 12:43 | Crear | Villager (Male) |
| 13:20 | Construir | House |
| 13:22 | Crear | Villager (Male) |
| 13:31 | Crear | Villager (Male) |
| 13:31 | Crear | Villager (Male) |
| 14:01 | Construir | House |
| 14:17 | Crear | Fishing Ship |
| 14:17 | Crear | Fishing Ship |
| 14:19 | Crear | Villager (Male) |
| 14:20 | Crear | Villager (Male) |
| 14:29 | Crear | Villager (Male) |
| 14:29 | Crear | Villager (Male) |
| 14:59 | Investigar | Feudal Age |
| 15:17 | Crear | Fishing Ship |
| 15:18 | Crear | Fishing Ship |
| 15:59 | Crear | Villager (Male) ×5 |
| 16:38 | Construir | Mining Camp |
| 17:20 | Edad | Edad Feudal |
| 17:41 | Crear | Villager (Male) ×5 |
| 18:02 | Construir | Town Center |
| 18:09 | Crear | Villager (Male) ×5 |
| 18:25 | Construir | Town Center |
| 18:35 | Crear | Fishing Ship |
| 18:36 | Crear | Fishing Ship |
| 18:36 | Crear | Fishing Ship |
| 18:52 | Crear | Villager (Male) ×3 |
| 18:57 | Construir | Blacksmith |
| 19:18 | Crear | Villager (Male) |
| 19:25 | Investigar | Fletching |
| 19:46 | Construir | Siege Workshop |
| 19:50 | Construir | Barracks |
| 20:03 | Crear | Villager (Male) ×2 |
| 20:17 | Crear | Battering Ram |
| 20:32 | Investigar | Castle Age |
| 20:34 | Investigar | Town Watch |
| 20:35 | Crear | Villager (Male) ×5 |
| 20:51 | Construir | House |
| 20:57 | Crear | Battering Ram |
| 21:15 | Construir | House |
| 21:47 | Crear | Villager (Male) |
| 21:47 | Crear | Villager (Male) |
| 21:47 | Crear | Villager (Male) |
| 21:48 | Crear | Villager (Male) ×5 |
| 22:55 | Crear | Villager (Male) |
| 22:55 | Crear | Villager (Male) |
| 22:57 | Crear | Villager (Male) |
| 23:20 | Edad | Edad de los Castillos |
| 23:30 | Construir | Town Center |
| 24:41 | Crear | Villager (Male) ×5 |
| 24:47 | Crear | Villager (Male) |
| 24:48 | Crear | Villager (Male) |
| 24:48 | Crear | Villager (Male) |
| 25:27 | Crear | Villager (Male) |
| 25:27 | Crear | Villager (Male) |
| 25:27 | Crear | Villager (Male) |
Build order — Campera de Pluma de Elite
133 acciones detectadas en el replay
| 0:29 | Construir | Town Center |
| 1:38 | Construir | House |
| 1:43 | Construir | Dock |
| 2:48 | Crear | Villager (Male) |
| 2:49 | Crear | Villager (Male) |
| 2:49 | Crear | Villager (Male) |
| 2:49 | Crear | Villager (Male) |
| 3:22 | Investigar | Loom |
| 3:23 | Crear | Villager (Male) |
| 3:23 | Crear | Villager (Male) |
| 4:13 | Crear | Fishing Ship |
| 4:39 | Construir | House |
| 4:41 | Crear | Villager (Male) |
| 5:26 | Crear | Villager (Male) |
| 5:45 | Construir | House |
| 5:50 | Crear | Villager (Male) |
| 6:12 | Crear | Villager (Male) |
| 6:16 | Crear | Fishing Ship |
| 6:35 | Crear | Villager (Male) |
| 6:49 | Crear | Villager (Male) |
| 6:59 | Crear | Fishing Ship |
| 7:14 | Crear | Villager (Male) |
| 7:58 | Crear | Villager (Male) |
| 7:59 | Crear | Villager (Male) |
| 8:05 | Crear | Fishing Ship |
| 8:17 | Crear | Villager (Male) |
| 8:27 | Crear | Fishing Ship |
| 8:32 | Construir | House |
| 8:44 | Crear | Villager (Male) |
| 8:57 | Crear | Fishing Ship |
| 9:02 | Construir | House |
| 9:16 | Crear | Fishing Ship |
| 9:32 | Crear | Villager (Male) |
| 9:44 | Crear | Fishing Ship |
| 10:02 | Construir | Lumber Camp |
| 10:07 | Crear | Villager (Male) |
| 10:29 | Crear | Villager (Male) |
| 10:47 | Construir | Mining Camp |
| 11:00 | Crear | Villager (Male) |
| 11:28 | Crear | Villager (Male) |
| 11:41 | Investigar | Feudal Age |
| 12:41 | Crear | Villager (Male) |
| 12:51 | Construir | Dock |
| 12:54 | Crear | Villager (Male) |
| 13:15 | Construir | House |
| 13:16 | Construir | House |
| 13:17 | Crear | Villager (Male) |
| 13:23 | Construir | Mill |
| 13:51 | Edad | Edad Feudal |
| 13:58 | Investigar | Double-Bit Axe |
| 14:09 | Crear | Villager (Male) |
| 14:21 | Crear | Villager (Male) |
| 14:29 | Construir | Market |
| 14:44 | Investigar | Tech 906 |
| 14:48 | Crear | Fishing Ship |
| 14:50 | Crear | Villager (Male) |
| 15:40 | Construir | Blacksmith |
| 15:43 | Crear | Unit 2626 |
| 15:45 | Crear | Villager (Male) |
| 16:09 | Crear | Unit 2626 |
| 16:21 | Investigar | Castle Age |
| 16:40 | Construir | House |
| 16:44 | Construir | House |
| 17:15 | Investigar | Fletching |
| 17:37 | Crear | Villager (Male) |
| 17:41 | Crear | Unit 2626 ×3 |
| 17:50 | Investigar | Gold Mining |
| 17:59 | Crear | Villager (Male) |
| 18:15 | Crear | Unit 2626 |
| 18:42 | Crear | Villager (Male) |
| 18:46 | Crear | Unit 2626 |
| 18:46 | Crear | Unit 2626 |
| 19:05 | Edad | Edad de los Castillos |
| 19:20 | Crear | Villager (Male) |
| 19:27 | Investigar | Bow Saw |
| 19:37 | Investigar | War Galley (upgrade) |
| 19:38 | Investigar | Gillnets |
| 19:39 | Crear | Villager (Male) |
| 19:59 | Crear | Villager (Male) |
| 20:09 | Crear | Villager (Male) |
| 20:16 | Construir | Town Center |
| 20:32 | Construir | Lumber Camp |
| 20:45 | Construir | House |
| 20:49 | Construir | House |
| 20:51 | Construir | House |
| 21:19 | Crear | Villager (Male) |
| 21:22 | Investigar | Bodkin Arrow |
| 21:22 | Crear | Villager (Male) |
| 21:28 | Crear | Villager (Male) |
| 21:28 | Crear | Villager (Male) |
| 21:34 | Crear | Fishing Ship ×5 |
| 22:02 | Crear | Villager (Male) |
| 22:10 | Construir | Siege Workshop |
| 22:16 | Crear | Villager (Male) |
| 22:22 | Crear | Villager (Male) |
| 22:27 | Crear | Villager (Male) |
| 22:38 | Investigar | Stone Mining |
| 22:50 | Crear | Villager (Male) |
| 22:58 | Crear | Fishing Ship |
| 23:05 | Crear | Mangonel |
| 23:06 | Crear | Villager (Male) |
| 23:06 | Crear | Villager (Male) |
| 23:23 | Crear | Villager (Male) |
| 23:24 | Crear | Villager (Male) |
| 23:34 | Crear | Villager (Male) |
| 23:34 | Crear | Villager (Male) |
| 23:34 | Crear | Villager (Male) |
| 23:41 | Crear | Villager (Male) |
| 23:41 | Crear | Villager (Male) |
| 23:44 | Crear | Villager (Male) |
| 24:07 | Crear | Villager (Male) |
| 24:08 | Crear | Villager (Male) |
| 24:17 | Construir | House |
| 24:17 | Construir | House |
| 24:23 | Investigar | Wheelbarrow |
| 24:26 | Investigar | Town Watch |
| 24:34 | Crear | Villager (Male) |
| 24:35 | Crear | Villager (Male) |
| 24:40 | Investigar | Horse Collar |
| 25:01 | Crear | Villager (Male) |
| 25:01 | Crear | Villager (Male) |
| 25:02 | Crear | Villager (Male) |
| 25:08 | Construir | Dock |
| 25:20 | Crear | Unit 2626 ×5 |
| 25:21 | Crear | Villager (Male) |
| 25:22 | Crear | Villager (Male) |
| 25:29 | Construir | House |
| 25:29 | Construir | House |
| 25:30 | Construir | House |
| 25:33 | Crear | Villager (Male) |
| 25:37 | Investigar | Padded Archer Armor |
| 25:37 | Crear | Villager (Male) |
| 25:37 | Crear | Villager (Male) |
Build order — Lord Hogan
89 acciones detectadas en el replay
| 0:41 | Construir | Dock |
| 0:45 | Construir | House |
| 0:56 | Construir | Town Center |
| 3:22 | Crear | Villager (Male) |
| 3:23 | Crear | Villager (Male) |
| 3:23 | Crear | Villager (Male) |
| 3:23 | Crear | Villager (Male) |
| 3:48 | Crear | Villager (Male) |
| 5:10 | Crear | Fishing Ship |
| 5:28 | Construir | House |
| 5:40 | Crear | Villager (Male) |
| 6:18 | Investigar | Loom |
| 6:39 | Crear | Villager (Male) |
| 7:09 | Crear | Villager (Male) |
| 7:09 | Crear | Villager (Male) |
| 7:13 | Crear | Fishing Ship |
| 7:13 | Crear | Fishing Ship |
| 7:22 | Construir | House |
| 7:56 | Crear | Villager (Male) |
| 8:10 | Crear | Fishing Ship |
| 8:29 | Crear | Villager (Male) |
| 8:54 | Crear | Villager (Male) |
| 8:54 | Crear | Villager (Male) |
| 9:08 | Crear | Villager (Male) |
| 9:25 | Construir | House |
| 9:26 | Crear | Villager (Male) |
| 9:27 | Crear | Villager (Male) |
| 9:44 | Crear | Villager (Male) |
| 9:45 | Crear | Villager (Male) |
| 9:58 | Crear | Villager (Male) |
| 10:21 | Construir | House |
| 10:27 | Crear | Fishing Ship |
| 10:54 | Crear | Villager (Male) |
| 11:05 | Crear | Villager (Male) |
| 11:10 | Construir | House |
| 11:35 | Crear | Villager (Male) |
| 12:10 | Crear | Villager (Male) |
| 12:15 | Construir | House |
| 12:15 | Crear | Villager (Male) |
| 12:16 | Crear | Villager (Male) |
| 12:52 | Crear | Villager (Male) |
| 13:03 | Construir | Lumber Camp |
| 13:05 | Crear | Villager (Male) |
| 13:11 | Construir | House |
| 13:11 | Crear | Villager (Male) |
| 13:32 | Investigar | Feudal Age |
| 14:07 | Construir | Dock |
| 14:42 | Construir | Barracks |
| 14:53 | Construir | Palisade Wall |
| 14:54 | Construir | Palisade Wall |
| 15:12 | Construir | Mining Camp |
| 15:14 | Crear | Villager (Male) |
| 15:15 | Crear | Villager (Male) |
| 15:30 | Crear | Fishing Ship |
| 15:39 | Crear | Villager (Male) |
| 16:05 | Edad | Edad Feudal |
| 16:22 | Crear | Villager (Male) |
| 16:34 | Construir | Palisade Wall |
| 16:49 | Crear | Fishing Ship |
| 16:49 | Crear | Fishing Ship |
| 16:57 | Crear | Fishing Ship |
| 17:34 | Construir | Mining Camp |
| 17:50 | Crear | Villager (Male) |
| 17:51 | Crear | Villager (Male) |
| 18:17 | Crear | Villager (Male) |
| 18:31 | Construir | Blacksmith |
| 19:11 | Construir | Archery Range |
| 19:16 | Crear | Villager (Male) |
| 19:40 | Investigar | Double-Bit Axe |
| 19:56 | Investigar | Castle Age |
| 20:07 | Crear | Villager (Male) |
| 20:30 | Investigar | Tech 906 |
| 20:31 | Crear | Fishing Ship |
| 20:32 | Crear | Fishing Ship |
| 20:32 | Crear | Fishing Ship |
| 20:34 | Crear | Fishing Ship |
| 20:41 | Crear | Skirmisher ×3 |
| 21:01 | Construir | Mill |
| 21:24 | Crear | Villager (Male) |
| 21:28 | Construir | House |
| 22:36 | Edad | Edad de los Castillos |
| 22:53 | Crear | Villager (Male) |
| 23:05 | Construir | Town Center |
| 23:15 | Crear | Villager (Male) |
| 23:19 | Investigar | Bow Saw |
| 23:21 | Investigar | Stone Mining |
| 23:22 | Investigar | Horse Collar |
| 23:45 | Construir | House |
| 23:47 | Construir | House |
Build order — Patovic
113 acciones detectadas en el replay
| 0:23 | Construir | Town Center |
| 1:00 | Construir | Dock |
| 1:04 | Construir | House |
| 1:12 | Construir | Palisade Wall |
| 2:40 | Crear | Villager (Male) |
| 2:41 | Crear | Villager (Male) |
| 2:52 | Investigar | Loom |
| 2:53 | Crear | Villager (Male) |
| 2:53 | Crear | Villager (Male) |
| 4:07 | Crear | Villager (Male) |
| 4:09 | Crear | Fishing Ship |
| 5:02 | Crear | Villager (Male) |
| 5:02 | Crear | Villager (Male) |
| 5:19 | Crear | Villager (Male) |
| 5:19 | Crear | Villager (Male) |
| 5:28 | Construir | House |
| 5:30 | Construir | House |
| 5:55 | Crear | Villager (Male) |
| 5:55 | Crear | Villager (Male) |
| 5:56 | Crear | Villager (Male) |
| 6:27 | Crear | Villager (Male) |
| 6:38 | Construir | House |
| 6:39 | Construir | House |
| 7:06 | Crear | Villager (Male) |
| 7:19 | Crear | Villager (Male) |
| 7:33 | Crear | Villager (Male) |
| 7:35 | Crear | Fishing Ship |
| 7:57 | Crear | Villager (Male) |
| 8:25 | Construir | Lumber Camp |
| 9:08 | Construir | House |
| 9:40 | Crear | Villager (Male) |
| 9:41 | Crear | Villager (Male) |
| 9:41 | Crear | Villager (Male) |
| 9:58 | Construir | House |
| 10:22 | Crear | Fishing Ship |
| 10:22 | Crear | Fishing Ship |
| 10:45 | Construir | Mill |
| 10:48 | Crear | Villager (Male) |
| 11:02 | Crear | Villager (Male) |
| 11:32 | Crear | Villager (Male) |
| 11:49 | Construir | House |
| 11:53 | Crear | Villager (Male) |
| 12:10 | Construir | Mining Camp |
| 12:14 | Crear | Villager (Male) |
| 12:15 | Investigar | Feudal Age |
| 12:45 | Crear | Fishing Ship |
| 13:18 | Crear | Villager (Male) |
| 14:28 | Crear | Fishing Ship |
| 14:59 | Construir | House |
| 15:11 | Edad | Edad Feudal |
| 15:22 | Construir | Market |
| 15:35 | Investigar | Town Watch |
| 15:48 | Construir | Blacksmith |
| 15:52 | Crear | Villager (Male) |
| 16:23 | Investigar | Castle Age |
| 16:27 | Investigar | Stone Mining |
| 16:45 | Investigar | Double-Bit Axe |
| 17:15 | Construir | Mining Camp |
| 17:24 | Investigar | Wheelbarrow |
| 18:02 | Investigar | Gold Mining |
| 18:19 | Construir | Palisade Gate |
| 18:22 | Construir | Palisade Wall |
| 18:33 | Crear | Villager (Male) |
| 18:33 | Crear | Villager (Male) |
| 19:06 | Edad | Edad de los Castillos |
| 19:14 | Investigar | Bow Saw |
| 19:24 | Construir | Castle |
| 19:28 | Investigar | Fletching |
| 19:56 | Crear | Villager (Male) |
| 19:57 | Crear | Villager (Male) |
| 19:57 | Crear | Villager (Male) |
| 20:05 | Construir | Mining Camp |
| 20:12 | Construir | Lumber Camp |
| 20:23 | Investigar | Bodkin Arrow |
| 20:45 | Construir | House |
| 20:48 | Construir | House |
| 20:54 | Crear | Villager (Male) |
| 21:08 | Crear | Rattan Archer |
| 21:08 | Crear | Rattan Archer |
| 21:08 | Crear | Rattan Archer |
| 21:08 | Crear | Rattan Archer |
| 21:09 | Crear | Rattan Archer |
| 21:31 | Crear | Rattan Archer |
| 21:31 | Crear | Rattan Archer |
| 21:31 | Crear | Rattan Archer |
| 21:48 | Construir | Siege Workshop |
| 21:52 | Crear | Rattan Archer |
| 21:52 | Crear | Rattan Archer |
| 21:52 | Crear | Rattan Archer |
| 22:05 | Crear | Villager (Male) |
| 22:05 | Crear | Villager (Male) |
| 22:24 | Crear | Rattan Archer |
| 22:24 | Crear | Rattan Archer |
| 22:27 | Crear | Villager (Male) |
| 22:31 | Investigar | Hand Cart |
| 22:47 | Crear | Mangonel |
| 22:47 | Crear | Mangonel |
| 23:02 | Crear | Rattan Archer |
| 23:02 | Crear | Rattan Archer |
| 23:02 | Crear | Rattan Archer |
| 23:07 | Crear | Villager (Male) |
| 23:43 | Crear | Rattan Archer |
| 23:44 | Crear | Rattan Archer |
| 23:52 | Crear | Villager (Male) |
| 24:01 | Crear | Rattan Archer |
| 24:01 | Crear | Rattan Archer |
| 24:34 | Construir | Barracks |
| 24:37 | Crear | Villager (Male) |
| 24:38 | Crear | Villager (Male) |
| 25:12 | Crear | Mangonel |
| 25:24 | Crear | Villager (Male) |
| 25:24 | Crear | Villager (Male) |
| 25:24 | Crear | Villager (Male) |
Build order — Dedo de Gomero de Elite
111 acciones detectadas en el replay
| 1:04 | Construir | Town Center |
| 2:16 | Construir | Dock |
| 2:20 | Construir | House |
| 3:45 | Crear | Villager (Male) |
| 3:45 | Crear | Villager (Male) |
| 3:45 | Crear | Villager (Male) |
| 3:46 | Crear | Villager (Male) |
| 3:46 | Crear | Villager (Male) |
| 3:46 | Crear | Villager (Male) |
| 3:46 | Crear | Villager (Male) |
| 3:52 | Crear | Fishing Ship |
| 4:33 | Investigar | Loom |
| 5:18 | Crear | Villager (Male) |
| 5:18 | Crear | Villager (Male) |
| 5:19 | Crear | Villager (Male) |
| 5:26 | Crear | Fishing Ship |
| 5:58 | Construir | House |
| 6:10 | Crear | Fishing Ship |
| 6:30 | Construir | House |
| 6:33 | Crear | Villager (Male) |
| 6:33 | Crear | Villager (Male) |
| 6:33 | Crear | Villager (Male) |
| 7:11 | Crear | Villager (Male) |
| 7:11 | Crear | Villager (Male) |
| 7:31 | Crear | Fishing Ship |
| 7:43 | Crear | Villager (Male) |
| 7:44 | Crear | Villager (Male) |
| 7:44 | Crear | Villager (Male) |
| 7:44 | Crear | Villager (Male) |
| 7:50 | Construir | House |
| 8:20 | Crear | Villager (Male) |
| 8:20 | Crear | Villager (Male) |
| 8:20 | Crear | Villager (Male) |
| 8:35 | Crear | Fishing Ship |
| 8:48 | Crear | Villager (Male) |
| 8:48 | Crear | Villager (Male) |
| 8:48 | Crear | Villager (Male) |
| 8:53 | Crear | Villager (Male) |
| 8:53 | Crear | Villager (Male) |
| 8:54 | Crear | Villager (Male) |
| 8:54 | Crear | Villager (Male) |
| 8:54 | Crear | Villager (Male) |
| 8:55 | Crear | Villager (Male) |
| 9:24 | Construir | Mill |
| 10:38 | Crear | Villager (Male) |
| 11:15 | Investigar | Feudal Age |
| 11:42 | Construir | House |
| 12:54 | Crear | Villager (Male) |
| 12:54 | Crear | Villager (Male) |
| 12:56 | Crear | Villager (Male) |
| 13:22 | Edad | Edad Feudal |
| 13:33 | Construir | Market |
| 13:47 | Construir | Blacksmith |
| 13:54 | Crear | Villager (Male) |
| 14:40 | Crear | Villager (Male) |
| 15:02 | Construir | House |
| 15:15 | Investigar | Castle Age |
| 16:14 | Construir | Barracks |
| 17:08 | Construir | Stable |
| 17:18 | Investigar | Scale Barding Armor |
| 17:19 | Investigar | Forging |
| 17:29 | Crear | Villager (Male) |
| 17:30 | Crear | Villager (Male) |
| 17:38 | Construir | House |
| 17:41 | Edad | Edad de los Castillos |
| 18:02 | Construir | Stable |
| 18:05 | Crear | Knight |
| 18:05 | Crear | Knight |
| 18:23 | Crear | Villager (Male) |
| 18:44 | Crear | Knight |
| 18:44 | Crear | Knight |
| 18:52 | Crear | Knight |
| 18:56 | Investigar | Bloodlines |
| 18:59 | Crear | Villager (Male) |
| 18:59 | Crear | Villager (Male) |
| 19:00 | Crear | Villager (Male) |
| 19:27 | Crear | Knight |
| 19:52 | Construir | House |
| 20:10 | Crear | Villager (Male) |
| 20:10 | Crear | Villager (Male) |
| 20:10 | Crear | Villager (Male) |
| 20:11 | Crear | Villager (Male) |
| 20:11 | Crear | Villager (Male) |
| 20:31 | Construir | Town Center |
| 20:40 | Crear | Villager (Male) |
| 20:40 | Crear | Villager (Male) |
| 22:13 | Construir | House |
| 22:56 | Construir | House |
| 23:18 | Crear | Villager (Male) |
| 23:23 | Crear | Villager (Male) |
| 23:23 | Crear | Villager (Male) |
| 23:23 | Crear | Villager (Male) |
| 23:43 | Crear | Villager (Male) |
| 23:43 | Crear | Villager (Male) |
| 24:41 | Construir | Farm |
| 24:43 | Construir | Farm |
| 24:46 | Construir | Farm |
| 24:48 | Construir | Farm |
| 24:51 | Crear | Villager (Male) |
| 24:51 | Crear | Villager (Male) |
| 24:51 | Crear | Villager (Male) |
| 24:55 | Construir | Farm |
| 25:00 | Crear | Villager (Male) |
| 25:00 | Crear | Villager (Male) |
| 25:01 | Crear | Villager (Male) |
| 25:01 | Crear | Villager (Male) |
| 25:09 | Construir | Farm |
| 25:11 | Construir | Farm |
| 25:13 | Construir | Farm |
| 25:20 | Construir | Farm |
| 25:29 | Construir | Farm |
Build order — 花茶与猫
52 acciones detectadas en el replay
| 2:46 | Construir | Town Center |
| 5:34 | Crear | Villager (Male) |
| 6:03 | Construir | Mill |
| 6:09 | Crear | Villager (Male) |
| 6:24 | Construir | House |
| 6:31 | Crear | Villager (Male) |
| 6:55 | Crear | Villager (Male) |
| 6:58 | Crear | Villager (Male) |
| 7:47 | Construir | Lumber Camp |
| 8:51 | Crear | Villager (Male) |
| 8:53 | Crear | Villager (Male) |
| 10:01 | Crear | Villager (Male) |
| 10:02 | Crear | Villager (Male) |
| 10:12 | Construir | House |
| 11:04 | Crear | Villager (Male) |
| 11:11 | Crear | Villager (Male) |
| 11:44 | Crear | Villager (Male) |
| 13:26 | Construir | House |
| 14:34 | Investigar | Feudal Age |
| 16:22 | Construir | House |
| 16:38 | Edad | Edad Feudal |
| 16:51 | Investigar | Horse Collar |
| 16:58 | Investigar | Wheelbarrow |
| 17:20 | Construir | Dock |
| 18:07 | Crear | Fishing Ship |
| 18:22 | Crear | Villager (Male) |
| 18:22 | Crear | Villager (Male) |
| 18:23 | Crear | Villager (Male) |
| 18:23 | Crear | Villager (Male) |
| 18:23 | Crear | Villager (Male) |
| 18:24 | Crear | Villager (Male) |
| 18:24 | Crear | Villager (Male) |
| 18:24 | Crear | Villager (Male) |
| 18:26 | Crear | Villager (Male) |
| 19:25 | Construir | Lumber Camp |
| 19:55 | Crear | Villager (Male) |
| 19:55 | Crear | Villager (Male) |
| 20:06 | Construir | Fish Trap |
| 21:05 | Construir | Farm |
| 21:06 | Construir | Farm |
| 21:10 | Construir | Farm |
| 21:11 | Construir | Farm |
| 21:13 | Construir | Farm |
| 21:15 | Construir | Farm |
| 21:17 | Construir | Farm |
| 21:20 | Construir | Farm |
| 21:59 | Crear | Fishing Ship |
| 22:05 | Construir | House |
| 22:19 | Construir | Mining Camp |
| 22:36 | Construir | House |
| 22:40 | Crear | Villager (Male) |
| 23:26 | Construir | Fish Trap |
Build order — Doraso Troncoso de Elite
83 acciones detectadas en el replay
| 0:45 | Construir | House |
| 0:59 | Construir | Town Center |
| 1:57 | Construir | Dock |
| 3:03 | Crear | Villager (Male) ×4 |
| 3:03 | Crear | Villager (Male) ×4 |
| 3:43 | Investigar | Loom |
| 4:43 | Crear | Fishing Ship |
| 4:49 | Crear | Villager (Male) |
| 5:08 | Crear | Fishing Ship |
| 5:38 | Crear | Villager (Male) |
| 5:49 | Construir | House |
| 5:54 | Construir | House |
| 6:40 | Construir | House |
| 6:45 | Crear | Villager (Male) ×2 |
| 8:51 | Construir | House |
| 9:05 | Crear | Villager (Male) ×5 |
| 9:19 | Construir | Mill |
| 9:35 | Construir | House |
| 9:38 | Crear | Fishing Ship |
| 9:38 | Crear | Fishing Ship |
| 10:07 | Crear | Fishing Ship |
| 10:13 | Investigar | Feudal Age |
| 10:13 | Investigar | Feudal Age |
| 10:29 | Crear | Villager (Male) |
| 11:24 | Crear | Fishing Ship |
| 11:31 | Crear | Fishing Ship |
| 11:37 | Crear | Villager (Male) ×4 |
| 11:45 | Crear | Villager (Male) |
| 12:23 | Construir | Palisade Wall |
| 12:30 | Edad | Edad Feudal |
| 12:32 | Construir | Palisade Wall |
| 13:03 | Construir | Mining Camp |
| 13:10 | Crear | Villager (Male) ×5 |
| 13:53 | Construir | Outpost |
| 14:04 | Crear | Villager (Male) |
| 14:16 | Construir | Lumber Camp |
| 15:30 | Construir | Barracks |
| 15:35 | Construir | House |
| 15:56 | Crear | Demolition Raft |
| 16:02 | Crear | Fishing Ship |
| 16:31 | Construir | House |
| 16:34 | Construir | House |
| 16:38 | Construir | House |
| 16:49 | Crear | Villager (Male) |
| 17:13 | Crear | Unit 2626 |
| 17:14 | Crear | Fire Galley |
| 17:35 | Construir | House |
| 17:55 | Investigar | Double-Bit Axe |
| 17:55 | Investigar | Double-Bit Axe |
| 17:59 | Crear | Villager (Male) |
| 18:00 | Crear | Villager (Male) |
| 18:24 | Construir | Blacksmith |
| 18:31 | Crear | Spearman |
| 18:46 | Crear | Villager (Male) |
| 19:19 | Construir | Archery Range |
| 19:25 | Investigar | Fletching |
| 19:26 | Investigar | Padded Archer Armor |
| 19:31 | Construir | House |
| 19:47 | Investigar | Castle Age |
| 19:47 | Investigar | Castle Age |
| 19:47 | Investigar | Castle Age |
| 20:04 | Construir | Stone Wall |
| 20:11 | Construir | Gate |
| 21:08 | Crear | Spearman |
| 21:08 | Crear | Spearman |
| 21:09 | Crear | Spearman |
| 21:09 | Crear | Spearman |
| 21:15 | Crear | Archer |
| 21:15 | Crear | Archer |
| 21:15 | Crear | Archer |
| 21:15 | Crear | Archer |
| 22:22 | Crear | Spearman |
| 22:22 | Crear | Spearman |
| 22:22 | Crear | Spearman |
| 22:27 | Edad | Edad de los Castillos |
| 22:40 | Investigar | Crossbowman (upgrade) |
| 22:46 | Investigar | Forging |
| 22:50 | Investigar | Bodkin Arrow |
| 23:03 | Construir | Castle |
| 23:14 | Investigar | Squires |
| 23:38 | Construir | Siege Workshop |
| 24:29 | Crear | Mangonel |
| 24:59 | Crear | Battering Ram |
Cronología de la partida
| 0:41 | Lord Hogan · first_building Dock |
| 1:00 | Patovic · first_building Dock |
| 1:12 | Patovic · wall_segment Palisade Wall x1 |
| 1:24 | chekopg_1110 · first_building Dock |
| 1:43 | Campera de Pluma de Elite · first_building Dock |
| 1:57 | Doraso Troncoso de Elite · first_building Dock |
| 2:16 | Dedo de Gomero de Elite · first_building Dock |
| 7:53 | PilotePSP · first_building Dock |
| 12:23 | Doraso Troncoso de Elite · wall_segment Palisade Wall x6 |
| 12:30 | Doraso Troncoso de Elite · age_up feudal |
| 12:32 | Doraso Troncoso de Elite · wall_segment Palisade Wall x4 |
| 13:22 | Dedo de Gomero de Elite · age_up feudal |
| 13:51 | Campera de Pluma de Elite · age_up feudal |
| 14:42 | Lord Hogan · first_building Barracks |
| 14:53 | Lord Hogan · wall_segment Palisade Wall x8 |
| 14:54 | Lord Hogan · wall_segment Palisade Wall x3 |
| 15:11 | Patovic · age_up feudal |
| 15:30 | Doraso Troncoso de Elite · first_building Barracks |
| 16:05 | Lord Hogan · age_up feudal |
| 16:14 | Dedo de Gomero de Elite · first_building Barracks |
| 16:34 | Lord Hogan · wall_segment Palisade Wall x5 |
| 16:38 | 花茶与猫 · age_up feudal |
| 17:00 | Dedo de Gomero de Elite · first_market_sell 100 food |
| 17:01 | Dedo de Gomero de Elite · first_market_buy 100 wood |
| 17:08 | Dedo de Gomero de Elite · first_building Stable |
| 17:20 | 花茶与猫 · first_building Dock |
| 17:20 | chekopg_1110 · age_up feudal |
| 17:29 | PilotePSP · age_up feudal |
| 17:41 | Dedo de Gomero de Elite · age_up castle |
| 18:22 | Patovic · wall_segment Palisade Wall x5 |
| 18:28 | PilotePSP · first_building Barracks |
| 18:41 | Patovic · first_market_buy 100 stone |
| 19:05 | Campera de Pluma de Elite · age_up castle |
| 19:06 | Patovic · age_up castle |
| 19:11 | Lord Hogan · first_building Archery Range |
| 19:19 | Doraso Troncoso de Elite · first_building Archery Range |
| 19:24 | Patovic · first_building Castle |
| 19:46 | chekopg_1110 · first_building Siege Workshop |
| 19:50 | chekopg_1110 · first_building Barracks |
| 20:04 | Doraso Troncoso de Elite · wall_segment Stone Wall x10 |
| 20:55 | PilotePSP · first_building Stable |
| 21:48 | Patovic · first_building Siege Workshop |
| 22:10 | Campera de Pluma de Elite · first_building Siege Workshop |
| 22:27 | Doraso Troncoso de Elite · age_up castle |
| 22:36 | Lord Hogan · age_up castle |
| 23:03 | Doraso Troncoso de Elite · first_building Castle |
| 23:20 | chekopg_1110 · age_up castle |
| 23:34 | PilotePSP · wall_segment Stone Wall x1 |
| 23:38 | Doraso Troncoso de Elite · first_building Siege Workshop |
| 23:48 | 花茶与猫 · resign |
| 24:34 | Patovic · first_building Barracks |
[ ANÁLISIS IA · 1 CRÉDITO ]
¿Qué pasó realmente en esta partida?
Wolo.gg analiza cada decisión: build order, eco, micro, errores típicos por bracket. Análisis personalizado por WhatsApp o Discord en 30 segundos.
Guía civ
Italianos
Perfil
Jugador #15519952